Map: Cradle of Death

Players

larsgj

  • Race: Terran Terran

wasp

  • Race: Protoss Protoss

VOD

Have the link to the VOD?

Description

Time

  • Played on: Oct. 6, 2018, 9:21 a.m.
  • Length: 37:26
Show
View Real Time Build Order
Export as new Build Order

larsgj Terran 

Build Orders:  

Get SALT Encoding   

  1  0:00  Orbital Command, SCV x12  
    0:10  Unknown  
    0:16  SCV  
  13  0:31  Unknown  
  13  0:32  Supply Depot  
  13  0:35  SCV  
  14  0:54  SCV  
  15  1:19  SCV  
  16  1:39  SCV  
  17  1:40  Barracks  
  17  1:46  Supply Depot  
  17  1:56  SCV  
  18  2:02  Refinery  
  18  2:07  Refinery  
  18  2:13  SCV  
  19  2:28  Supply Depot  
  19  2:30  SCV  
  19  2:36  Marine  
  21  2:46  Marine  
  21  2:47  SCV  
  23  2:57  Marine  
  24  3:04  SCV  
  24  3:07  Marine  
  25  3:17  Marine  
  26  3:21  SCV  
  26  3:27  Marine  
  28  3:33  Factory  
  30  3:44  Orbital Command  
  30  3:47  Unknown  
  29  4:06  Barracks Tech Lab  
  29  4:29  Engineering Bay  
  29  4:55  Starport  
  29  5:18  Armory  
  29  5:24  Marine  
  30  5:34  Marine  
  30  5:37  Stabilizer Medpacks  
  31  5:43  SCV  
  31  5:44  Medic  
  34  5:55  Marine  
  35  6:00  SCV  
  35  6:01  Supply Depot  
  35  6:05  Marine  
  37  6:17  SCV  
  38  6:33  SCV, Supply Depot  
  39  6:50  SCV  
  40  7:00  Barracks  
  40  7:05  Supply Depot  
  40  7:20  Starport  
  40  7:27  Fusion Core  
  40  7:42  Advanced Optics  
  40  7:50  Starport Tech Lab  
  40  9:36  Starport Tech Lab  
  40  9:39  Battlecruiser  
  46  10:03  Unknown  
  46  10:04  Barracks Tech Lab  
  46  10:17  Afterburners  
  46  10:22  Battlecruiser  
  52  11:16  Battlecruiser  
  58  11:31  Command Center  
  58  11:37  Refinery  
  58  11:41  Refinery  
  58  11:47  Missile Turret  
  58  12:17  Missile Turret  
  58  12:50  Missile Turret  
  58  13:15  SCV  
  59  13:29  Battlecruiser x2  
  59  13:32  SCV  
  72  13:44  Supply Depot  
  72  13:49  SCV  
  73  14:05  Supply Depot  
  73  14:06  SCV  
  74  14:16  Supply Depot  
  74  14:23  SCV  
  75  14:38  Supply Depot  
  75  14:47  Supply Depot  
  75  15:10  Supply Depot  
  75  15:19  Supply Depot  
  75  15:43  Supply Depot  
  75  16:09  Weapon Refit  
  75  16:11  Terran Vehicle and Ship Weapons Level 1  
  75  16:15  Supply Depot  
  75  16:48  Supply Depot  
  75  17:19  Supply Depot  
  75  17:51  Supply Depot  
  75  18:24  Supply Depot  
  75  18:51  Terran Vehicle And Ship Armor Level 1  
  75  18:54  Supply Depot  
  75  19:28  Marine x2  
  75  19:38  Marine x2  
  77  19:48  Marine x2  
  79  19:58  Marine x2  
  79  20:05  Starport  
  79  20:08  Battlecruiser x2, Marine x2  
  95  20:23  Medic x2  
  99  20:41  Supply Depot  
  99  20:43  Unknown  
  99  20:47  SCV  
  100  20:50  Battlecruiser  
  100  20:51  Battlecruiser  
  112  21:04  SCV  
  112  21:06  Medic x2  
  117  21:13  Supply Depot  
  117  21:16  Medic  
  119  21:23  Starport Tech Lab  
  119  21:33  Battlecruiser x2  
  131  22:16  Battlecruiser x2  
  143  22:49  Battlecruiser  
  143  22:58  Battlecruiser  
  143  22:59  Battlecruiser  
  161  23:32  Battlecruiser  
  167  26:52  Battlecruiser x3  
  185  27:34  Battlecruiser x2  
  197  27:44  Unknown  
  197  29:20  Orbital Command  
  197  29:29  Terran Vehicle and Ship Weapons Level 2  
  197  29:32  Terran Infantry Weapons Level 1  
  197  32:12  Terran Infantry Armor Level 1  
  197  32:39  Terran Vehicle And Ship Armor Level 2  
  197  33:33  Unknown  
  197  34:52  Structure Armor  
  197  35:02  Neosteel Frame  
Show
View Real Time Build Order
Export as new Build Order

wasp Protoss 

Build Orders:  

Get SALT Encoding   

  1  0:00  Probe x12 (Chrono Boost)  
    0:10  Unknown x2  
  12  0:27  Pylon  
  12  0:34  Unknown  
  12  0:53  Pylon  
  12  1:14  Gateway  
  12  1:20  Forge  
  12  1:38  Assimilator  
  12  2:25  Zealot  
  14  3:17  Zealot  
  16  3:54  Zealot  
  16  3:56  Zealot  
  20  4:30  Zealot  
  20  4:34  Protoss Ground Weapons Level 1  
  22  4:48  Cybernetics Core  
  22  5:02  Photon Cannon  
  22  5:06  Photon Cannon  
  22  5:15  Photon Cannon  
  22  5:33  Pylon  
  22  6:10  Photon Cannon  
  22  6:16  Photon Cannon  
  22  6:32  Photon Cannon  
  22  6:38  Photon Cannon  
  22  6:43  Photon Cannon  
  22  6:47  Photon Cannon  
  22  7:19  Photon Cannon  
  22  7:36  Pylon, Zealot  
  24  7:56  Zealot  
  26  10:01  Unknown  
  26  10:37  Nexus  
  26  10:48  Zealot x2  
  30  11:07  Stargate  
  30  11:16  Twilight Council  
  30  11:25  Robotics Facility  
  30  11:52  Protoss Ground Armor Level 1  
  30  12:28  Templar Archives  
  28  13:31  Probe (Chrono Boost)  
  28  13:38  Assimilator  
  29  13:45  Probe (Chrono Boost)  
  29  13:49  Assimilator  
  30  13:53  Assimilator  
  30  13:59  Probe (Chrono Boost)  
  31  14:12  Probe (Chrono Boost)  
  32  14:20  Zealot  
  32  14:21  Zealot  
  32  14:26  Probe (Chrono Boost)  
  37  15:07  Zealot x2  
  41  15:18  Khaydarin Amulet  
  41  15:29  High Templar  
  43  16:08  Phoenix  
  45  16:17  Psionic Storm  
  45  16:46  High Templar  
  47  16:56  Archon  
  47  17:04  Zealot x2  
  25  19:54  Zealot  
  25  19:55  Zealot x2  
  31  20:21  Probe (Chrono Boost)  
  32  20:35  Probe (Chrono Boost)  
  33  20:40  Unknown  
  33  20:49  Probe (Chrono Boost)  
  34  21:03  Probe (Chrono Boost)  
  35  21:16  Probe (Chrono Boost)  
  36  21:25  Zealot x2  
  36  21:26  Zealot  
  42  21:34  Phoenix  
  44  21:59  Fleet Beacon  
  44  22:02  Robotics Bay  
  44  22:09  Phoenix  
  46  22:15  Forge  
  46  22:36  Anion Pulse-Crystals  
  46  22:41  Zealot x2  
  46  22:44  Phoenix  
  46  22:49  Gateway  
  52  22:57  Gateway  
  52  23:19  Phoenix  
  54  24:20  Protoss Shields Level 1  
  54  24:37  Protoss Air Weapons Level 1  
  54  25:34  Phoenix  
  38  27:00  Protoss Ground Weapons Level 2  
  36  27:46  Unknown, Zealot x2  
  36  27:47  Zealot  
  42  28:41  Zealot  
  44  29:08  Zealot  
  44  29:09  Zealot  
  48  31:01  Zealot x2  
  48  31:02  Zealot  
  54  31:14  Singularity Charge  
  54  31:19  Gravitic Boosters  
  54  31:21  Protoss Air Weapons Level 2  
  54  31:29  Protoss Ground Weapons Level 3  
  54  32:14  Charge  
  54  32:19  Improved Barrier  
  54  33:14  Whirlwind  
  46  34:31  Protoss Air Armor Level 1  
  46  34:43  Zealot  
  46  34:44  Trillic Compresion Mesh  
  48  34:51  Phoenix  
  48  34:56  Zealot  
  48  34:57  Zealot  
  52  35:26  Phoenix  
  30  35:52  Immortal  
  34  36:01  Phoenix  
  34  36:05  Zealot x2  
  34  36:06  Zealot x2  
  34  36:07  Zealot  
  34  36:08  Zealot x2  
  34  36:09  Zealot x2  
Tags
 
Commander
ArtanisRaynor
Matchup
Co-op
Replay Pack
Multiplayer
Add a new tag
Caveats
  • Supply blocks, unpowered buildings, or Contaminate may cause inaccurate times.
  • Supply counts are checked every 10 seconds.